 Dungeon Crawl Stone Soup version 0.30.0-10-gfe55d96785 (webtiles) character file.

Game seed: 6352515579983021624

1245 Foic the Destroyer (level 8, -5/37 HPs)
             Began as a Vine Stalker Conjurer on May 14, 2023.
             Was an Initiate of Vehumet.
             Slain by an orc warrior
             ... wielding a +0 short sword
              (8 damage)
             ... on level 7 of the Dungeon.
             The game lasted 00:21:24 (6636 turns).

Foic the Destroyer (Vine Stalker Conjurer)          Turns: 6636, Time: 00:21:26

Health: -5/37      AC:  4    Str:  9    XL:     8   Next: 50%
Magic:  0/18       EV: 12    Int: 20    God:    Vehumet [......]
Gold:   284        SH:  0    Dex: 14    Spells: 13/19 levels left

rFire   . . .        x - +3 short sword
rCold   . . .        (no shield)
rNeg    . . .        a - +0 robe
rPois   .            z - +0 helmet
rElec   .            (no cloak)
rCorr   .            w - +0 pair of gloves
SInv    .            (no boots)
Will    +....        (no amulet)
Stlth   +++          (no ring)
HPRegen 1.06/turn    (no ring)
MPRegen 0.16/turn

%: guardian spirit
@: no status effects
A: fangs 3, regeneration 1, magic shield, antimagic bite, no potion heal 2
a: Renounce Religion


You were on level 7 of the Dungeon.
You worshipped Vehumet.
Vehumet was noncommittal.
You visited 2 branches of the dungeon, and saw 8 of its levels.

You collected 284 gold pieces.

Inventory:

Hand Weapons
 e - a +0 dagger
 x - a +3 short sword (weapon)
 y - a +1 vampiric whip
Missiles
 k - 68 stones
 E - 6 javelins
 F - 6 silver javelins
Armour
 a - a +0 robe (worn)
 w - a +0 pair of gloves (worn)
 z - a +0 helmet (worn)
Wands
 p - a wand of paralysis (12)
 q - a wand of polymorph (14)
 C - a wand of iceblast (19)
Scrolls
 d - 5 scrolls of fog {unknown}
 f - 4 scrolls of identify {unknown}
 l - 3 scrolls of magic mapping {unknown}
 m - a scroll of brand weapon {unknown}
 n - 3 scrolls of teleportation {unknown}
 o - 2 scrolls of blinking {unknown}
 r - a scroll of enchant weapon {unknown}
 s - 3 scrolls of amnesia {unknown}
 u - a scroll of silence {unknown}
 A - a scroll of vulnerability {unknown}
 H - a scroll of fear {unknown}
 I - a scroll of immolation {unknown}
 J - a scroll of noise {unknown}
 K - a scroll of torment {unknown}
 L - a scroll of enchant armour {unknown}
Potions
 b - 2 potions of magic
 c - 2 potions of brilliance {unknown}
 g - 5 potions of curing {unknown}
 h - 2 potions of heal wounds {unknown}
 i - 3 potions of degeneration {unknown}
 j - 2 potions of might {unknown}
 t - 3 potions of resistance {unknown}
 v - a potion of cancellation {unknown}
 B - a potion of ambrosia {unknown}
 D - a potion of flight {unknown}
 G - a potion of mutation {unknown}


   Skills:
 + Level 0.8 Fighting
 + Level 0.9 Short Blades
 + Level 1.9 Dodging
 + Level 4.3 Stealth
 + Level 6.1 Spellcasting
 * Level 8.3 Conjurations


You had 13 spell levels left.
You knew the following spells:

 Your Spells              Type           Power      Damage    Failure   Level
a - Magic Dart            Conj           100%       1d8       1%          1
b - Searing Ray           Conj           78%        2d7       1%          2
c - Dazzling Flash        Conj/Hex       44%        N/A       5%          3

Your spell library contained the following spells:

 Spells                   Type           Power      Damage    Failure   Level
 Summon Small Mammal      Summ           24%        N/A       11%         1
 Fulminant Prism          Conj/Hex       11%        3d8       19%         4
 Iskenderun's Mystic Bla  Conj/Tloc      22%        2d6       19%         4
 Call Canine Familiar     Summ           6%         N/A       30%         3
 Summon Guardian Golem    Hex/Summ       6%         N/A       30%         3
 Simulacrum               Ice/Necr       3%         N/A       100%        6
 Ozocubu's Refrigeration  Ice            3%         4d8       100%        7
 Polar Vortex             Ice            3%         N/A       100%        9


Dungeon Overview and Level Annotations

Branches:
Dungeon (7/15)             Temple (1/1) D:5

Altars:
Ashenzari
Cheibriados
Dithmenos
Elyvilon
Fedhas
Gozag
Hepliaklqana
Kikubaaqudgha
Makhleb
Nemelex Xobeh
Okawaru
Qazlal
Ru
Sif Muna
Trog
Uskayaw
Vehumet
Wu Jian
Xom
Yredelemnul
Zin
The Shining One


Innate Abilities, Weirdness & Mutations

You have razor-sharp teeth.
Your natural rate of healing is unusually fast.
When hurt, damage is shared between your health and your magic reserves.
Your bite disrupts and absorbs the magic of your enemies.
Potions cannot restore your health.


Message History

The searing ray hits the orc warrior but does no damage.
You hear a shout!
The orc warrior hits you with a +0 short sword.
You hear a shout!
The searing ray misses the orc warrior.
The orc warrior barely misses you.
The searing ray hits the orc warrior.
The orc warrior is lightly wounded.
The searing ray hits the orc.
The orc is heavily wounded.
You finish channelling your searing ray.
The orc warrior hits you with a +0 short sword!
The orc warrior attacks as you move away!
The orc warrior hits you with a +0 short sword!
The orc warrior attacks as you move away!
The orc warrior hits you with a +0 short sword!
Casting: Searing Ray (safe; 1% risk of failure)
Confirm with . or Enter, or press ? or * to list all spells.
Aiming: Searing Ray (safe; 1% risk of failure)
Press: ? - help, Shift-Dir - straight line, f - orc, p - orc warrior
Aim: an orc, wielding a +0 short sword and wearing a +0 chain mail (heavily wounded, 86% to hit)
The searing ray hits the orc warrior!
The orc warrior is moderately wounded.
The searing ray hits the orc!
You kill the orc!
Vehumet accepts your kill. (Press . to maintain the ray.)
The orc warrior hits you with a +0 short sword.
The searing ray hits the orc warrior.
The orc warrior is moderately wounded.
The searing ray hits the orc.
The orc is heavily wounded.
The orc warrior hits you with a +0 short sword!
* * * LOW HITPOINT WARNING * * *
The searing ray hits the orc warrior.
The orc warrior is severely wounded.
The searing ray hits the orc!
You kill the orc!
Vehumet accepts your kill.
The orc warrior hits you with a +0 short sword!
You die...

#.......#
#####...#####
#.......# #.###...#
###...######.#
......#.........#
#####....#..#####
####.......###########
###@.##...........#
###o.############.##
#....# #.... #)##.#
##.### #)##.# #..#
o..####.##.# ####
o.)oo..o.#.#
##..........#
###.##.##.....


You could see an orc warrior.

Vanquished Creatures
  Eustachio (D:5)
  A water moccasin (D:6)
  An ice beast (D:6)
  A black bear (D:6)
  A phantom (D:6)
  A bullfrog (D:6)
  3 scorpions
  3 jellies (D:6)
  A hound (D:4)
  3 orc priests
  4 iguanas
  An orc wizard (D:7)
  Robin (D:3)
  6 adders
  A dart slug (D:4)
  14 orcs
  9 ball pythons
  3 bats
  7 endoplasms
  4 giant cockroaches
  14 goblins
  5 hobgoblins
  2 kobolds
  4 quokkas
  5 frilled lizards
  6 rats
102 creatures vanquished.

Notes
Turn   | Place    | Note
-------+----------+-------------------------------------------
     0 | D:1      | Foic the Vine Stalker Conjurer began the quest for the Orb.
     0 | D:1      | Reached XP level 1. HP: 9/9 MP: 4/4
   203 | D:1      | Reached XP level 2. HP: 13/13 MP: 3/6
   206 | D:1      | Learned a level 2 spell: Searing Ray
  1337 | D:2      | Reached XP level 3. HP: 15/16 MP: 3/7
  1393 | D:2      | Learned a level 3 spell: Dazzling Flash
  1597 | D:2      | Reached skill level 5 in Conjurations
  1998 | D:2      | Gained mutation: Your natural rate of healing is unusually
                  | fast. [Vine Stalker growth]
  1998 | D:2      | Reached XP level 4. HP: 17/21 MP: 3/9
  2451 | D:3      | Found a faded altar of an unknown god.
  3083 | D:3      | Found a shadowy altar of Dithmenos.
  3304 | D:3      | Found a white marble altar of Elyvilon.
  3592 | D:4      | Reached XP level 5. HP: 24/24 MP: 3/10
  4042 | D:4      | Reached XP level 6. HP: 28/28 MP: 3/12
  4116 | D:4      | Noticed Robin
  4151 | D:3      | Killed Robin
  4152 | D:3      | Reached skill level 6 in Conjurations
  4539 | D:5      | Entered Level 5 of the Dungeon
  4816 | D:5      | Noticed Eustachio
  4824 | D:5      | Killed Eustachio
  4825 | D:5      | Reached XP level 7. HP: 32/32 MP: 4/15
  4914 | D:5      | Found a staircase to the Ecumenical Temple.
  4968 | Temple   | Entered the Ecumenical Temple
  5174 | Temple   | Became a worshipper of Vehumet
  5328 | D:5      | Found an ornate altar of the Wu Jian Council.
  5328 | D:5      | Found an opulent altar of Gozag.
  5328 | D:5      | Found a basalt altar of Yredelemnul.
  5329 | D:5      | Found a bloodstained altar of Trog.
  5596 | D:6      | Reached skill level 5 in Spellcasting
  5596 | D:6      | Reached skill level 7 in Conjurations
  5820 | D:6      | Gained mutation: You have razor-sharp teeth. [Vine Stalker
                  | growth]
  5820 | D:6      | Reached XP level 8. HP: 36/36 MP: 9/17
  6047 | D:6      | Reached skill level 8 in Conjurations
  6636 | D:7      | Slain by an orc warrior

Illustrated notes

Levels and vault maps discovered:
D:1:      dpeg_arrival_oval, layout_basic, serial_corexii_hall,
          corexii_hall_statues_x, corexii_hall_statues_u,
          chequers_hall_statues_corner_a, chequers_hall_statues_wall_a,
          minivault_14
D:2:      layout_basic, nicolae_half_adder
D:3:      layout_loops_corners, grunt_dithmenos_smoke,
          mainiacjoe_overflow_alcove_4, shapermc_ecumenical_altar_ellora,
          guppyfry_early_lair_pool
D:4:      layout_rooms, uniq_robin
D:5:      layout_basic, chequers_temple_overflow_statue_of_worship,
          minmay_temple_entry_sparse_star, uniq_eustachio
D:6:      layout_basic
D:7:      layout_rooms, dk_rats_in_the_wall, uniq_maggie
Temple:   nicolae_temple_bog_church

Skill      XL: |  1  2  3  4  5  6  7  8 |
---------------+-------------------------+-----
Conjurations   | 5 6 7 8 |  8.3
Spellcasting   | 3 4 5 6 |  6.1
Stealth        | 3 4 |  4.3
Fighting       | |  0.8
Short Blades   | |  0.9
Dodging        | |  1.9

Action                     |  1- 3 |  4- 6 |  7- 9 || total
---------------------------+-------+-------+-------++-------
  Melee: Dagger            |     4 |       |       ||     4
         Bite              |     2 |       |       ||     2
         Short sword       |       |     2 |       ||     2
   Cast: Magic Dart        |    61 |    71 |    33 ||   165
         Searing Ray       |     2 |    16 |    19 ||    37
 Armour: Robe              |     6 |     3 |     3 ||    12
  Dodge: Dodged            |    12 |    14 |     7 ||    33
